AoeStats
← simon.castro260601

Black Forest

507142807Analyzed
2v2 RM · 14d ago on Sep 16, 2026· 87m 46s· 4 players
Game mode
Random Map
Map size
Medium (4 player)
Population
200
Speed
Normal
Resources
Standard
Victory
Conquest
Starting age
Dark Age
Ending age
Imperial Age
RankedLock teamsTeams togetherTeam positionsShared explorationLock speedFull tech treeHidden civsTurbo modeCheats
Victory
Defeat
🇲🇽 Goths · Mexico
786
+18
🇲🇽 Romans · Mexico
784
+18
🇲🇰 Britons · North Macedonia
835
-18
🇲🇰 Burgundians · North Macedonia
819
-18
andresnunezrubio23
6:12 Loom
13:33 Feudal Age
14:54 Wheelbarrow
14:16 Double-Bit Axe
18:12 Stone Mining
22:12 Gold Mining
24:27 Castle Age
22:29 Horse Collar
25:52 Heavy Plow
26:06 Bow Saw
26:34 Gold Shaft Mining
27:01 Caravan
32:45 Hand Cart
36:43 Imperial Age
35:25 Town Watch
36:33 Ballistas
36:39 Scale Barding Armor
36:36 Padded Archer Armor
36:27 Fletching
38:38 Crop Rotation
39:06 Conscription
39:45 Scale Mail Armor
39:58 Forging
41:59 Town Patrol
42:22 Squires
41:45 Man-at-Arms
45:02 Chain Mail Armor
45:23 Iron Casting
44:14 Long Swordsman
44:16 Pikeman
45:51 Comitatenses
45:15 Halberdier
46:21 Legionary
47:50 Heavy Scorpion
53:53 Onager
57:42 Onager
63:48 Chain Barding Armor
64:29 Blast Furnace
63:25 Bodkin Arrow
63:45 Leather Archer Armor
68:52 Ballistics
69:34 Chemistry
69:22 Ring Archer Armor
69:28 Plate Barding Armor
68:15 Elite Centurion
80:36 Husbandry
80:48 Bloodlines
80:01 Cavalier
80:01 Light Cavalry
simon.castro260601
2:12 Loom
11:17 Feudal Age
14:38 Double-Bit Axe
16:41 Horse Collar
17:44 Gold Mining
23:18 Castle Age
24:45 Bow Saw
25:29 Caravan
26:08 Stone Mining
26:29 Heavy Plow
27:26 Scale Mail Armor
27:36 Forging
29:48 Chain Mail Armor
30:09 Iron Casting
30:43 Wheelbarrow
31:34 Town Watch
32:06 Hand Cart
35:38 Imperial Age
33:41 Anarchy
35:57 Town Patrol
36:27 Perfusion
35:52 Elite Huskarl
37:47 Blast Furnace
38:48 Crop Rotation
39:24 Two-Man Saw
41:50 Stone Shaft Mining
43:48 Conscription
44:10 Ballistics
44:51 Chemistry
43:56 Siphons
50:04 Incendiaries
49:52 Murder Holes
69:25 Pikeman
70:05 Squires
70:57 Halberdier
Optimus_Prime
0:27 Loom
9:00 Double-Bit Axe
15:42 Feudal Age
15:39 Fishing Lines
17:15 Horse Collar
17:27 Gillnets
18:13 Bow Saw
22:27 Castle Age
21:19 Stone Mining
21:20 Gold Mining
23:05 Stone Shaft Mining
23:06 Gold Shaft Mining
22:35 Heavy Plow
25:13 Crop Rotation
25:38 Wheelbarrow
26:33 Hand Cart
27:39 Two-Man Saw
26:59 Caravan
30:59 Fortified Wall
31:59 Ballistics
32:40 Scale Barding Armor
32:35 Scale Mail Armor
32:46 Forging
32:27 Fletching
32:40 Padded Archer Armor
35:53 Burgundian Vineyards
38:49 Imperial Age
37:04 Chain Barding Armor
36:59 Chain Mail Armor
36:41 Bodkin Arrow
37:02 Leather Archer Armor
37:22 Iron Casting
40:06 Plate Barding Armor
40:02 Plate Mail Armor
40:34 Chemistry
39:38 Bracer
40:25 Onager
41:48 Conscription
40:48 Elite Coustillier
45:01 Blast Furnace
47:03 Pikeman
47:44 Squires
55:33 Halberdier
PuchiKachi
0:45 Loom
14:11 Feudal Age
20:15 Castle Age
19:15 Double-Bit Axe
23:44 Wheelbarrow
26:47 Horse Collar
28:22 Treadmill Crane
29:03 Ballistics
31:14 Bow Saw
33:50 Imperial Age
34:37 Yeomen
34:40 Hand Cart
34:10 Town Watch
34:38 Caravan
35:07 Gold Mining
35:09 Stone Mining
35:07 Gambesons
35:23 Squires
34:44 Pikeman
36:12 Fishing Lines
36:55 Town Patrol
36:19 Elite Longbowman
38:46 Hoardings
38:34 Conscription
40:21 Two-Man Saw
39:25 Heavy Plow
40:18 Onager
42:46 Chemistry
41:57 Fortified Wall
41:44 Murder Holes
42:10 Padded Archer Armor
42:00 Fletching
42:21 Forging
42:12 Scale Mail Armor
42:17 Scale Barding Armor
43:11 Masonry
43:19 Leather Archer Armor
43:38 Bodkin Arrow
43:08 Halberdier
43:33 Arson
45:15 Chain Mail Armor
45:36 Iron Casting
48:29 Gillnets
52:09 Chain Barding Armor
52:19 Plate Mail Armor
52:50 Blast Furnace
51:51 Bracer
52:21 Ring Archer Armor
52:48 Architecture
52:23 Siege Engineers
51:49 Elite Skirmisher
55:32 Warwolf
57:38 Plate Barding Armor
57:17 Husbandry
56:38 Light Cavalry
56:39 Cavalier
Connection lost

Rejoining the realm…

Still unreachable

The connection could not be restored.

Session expired

The server has moved on; the page needs a fresh start.